Map: 2000 Atmospheres LE

Players

DRG

  • Race: Zerg Zerg

MaxPax - Winner!

  • Race: Protoss Protoss

Event: DreamHack SC2 Masters Last Chance 2022

VOD

Have the link to the VOD?

Description

Time

  • Played on: Dec. 19, 2021, 8:47 p.m.
  • Length: 13:17

All games in this series

Show
View Real Time Build Order
Export as new Build Order

DRG Zerg 

Build Orders: Hatch First 

Get SALT Encoding   

  12  0:00  Drone  
  13  0:12  Overlord  
  13  0:17  Drone  
  14  0:30  Drone x2  
  14  0:34  Drone  
  17  0:51  Hatchery  
  17  0:54  Drone  
  17  0:57  Drone  
  18  1:09  Extractor  
  17  1:13  Spawning Pool  
  17  1:17  Drone  
  17  1:21  Drone  
  18  1:29  Drone  
  19  1:38  Drone  
  20  1:49  Overlord  
  20  1:59  Queen  
  22  2:03  Queen  
  22  2:04  Zergling x4  
  26  2:11  Drone  
  26  2:14  Drone, Metabolic Boost  
  28  2:21  Drone  
  29  2:28  Drone  
  30  2:32  Drone  
  30  2:36  Drone  
  32  2:41  Hatchery  
  31  2:46  Queen  
  31  2:50  Overlord  
  33  2:54  Drone  
  33  2:55  Drone  
  33  2:57  Drone  
  36  3:04  Overlord  
  36  3:08  Queen  
  38  3:14  Spore Crawler  
  38  3:16  Drone x2  
  40  3:20  Drone x4  
  44  3:27  Queen  
  44  3:32  Drone x2  
  48  3:34  Overlord  
  48  3:38  Overlord  
  48  3:46  Evolution Chamber  
  47  3:48  Spore Crawler  
  47  3:54  Drone x3  
  49  3:56  Drone x3, Spore Crawler  
  49  3:58  Drone  
  49  4:00  Drone  
  49  4:02  Drone  
  54  4:03  Drone  
  54  4:05  Drone  
  54  4:09  Drone  
  57  4:11  Overlord  
  57  4:13  Drone  
  57  4:15  Drone x2  
  60  4:20  Spore Crawler  
  60  4:22  Drone  
  60  4:23  Zerg Melee Weapons Level 1  
  60  4:24  Drone x2  
  61  4:26  Drone  
  61  4:29  Queen  
  65  4:31  Drone  
  65  4:37  Zergling x4  
  65  4:38  Zergling x2  
  69  4:39  Drone  
  69  4:40  Drone  
  69  4:41  Drone  
  69  4:44  Drone x2  
  74  4:48  Baneling Nest, Overlord  
  74  4:49  Queen, Extractor  
  74  5:00  Overlord  
  74  5:01  Overlord  
  74  5:02  Overlord  
  74  5:07  Overlord  
  73  5:08  Zergling x6  
  73  5:12  Hatchery  
  75  5:16  Zergling x14  
  75  5:21  Queen  
  84  5:24  Queen  
  85  5:30  Drone x3  
  85  5:32  Zergling x4  
  88  5:37  Queen  
  90  5:45  Baneling x9  
  90  5:46  Baneling  
  90  5:50  Zergling x4  
  90  5:53  Overlord  
  90  5:56  Zergling x6, Queen  
  97  5:59  Queen  
  97  6:03  Zergling x12  
  104  6:13  Queen  
  97  6:19  Zergling x14  
  97  6:23  Queen  
  100  6:29  Zerg Ground Armor Level 1  
  100  6:32  Zergling x4  
  96  6:35  Queen  
  96  6:38  Zergling x10  
  98  6:44  Zergling x4  
  94  6:48  Lair  
  94  6:49  Queen  
  94  6:51  Drone  
  94  6:52  Drone x4  
  97  6:59  Drone x6, Queen  
  97  7:00  Drone  
  106  7:07  Overlord  
  106  7:08  Drone x2  
  104  7:09  Drone  
  104  7:11  Queen, Overlord  
  107  7:16  Drone  
  105  7:24  Queen  
  105  7:26  Drone x3  
  105  7:29  Drone x5  
  106  7:33  Drone  
  106  7:34  Drone x4, Queen  
  103  7:38  Spore Crawler  
  103  7:39  Spore Crawler  
  103  7:41  Spore Crawler  
  103  7:43  Extractor  
  99  7:44  Drone, Extractor  
  99  7:45  Extractor x2  
  99  7:46  Queen, Extractor  
  99  7:47  Extractor  
  99  7:50  Zergling x18  
  106  7:55  Queen  
  106  7:56  Hydralisk Den  
  106  7:57  Drone  
  108  8:00  Zergling x6, Queen  
  108  8:05  Evolution Chamber  
  112  8:06  Drone  
  112  8:07  Drone x3  
  112  8:10  Queen  
  117  8:20  Drone, Overlord  
  117  8:21  Overlord  
  117  8:23  Drone x4, Zerg Melee Weapons Level 2  
  117  8:24  Queen  
  117  8:25  Overlord  
  122  8:29  Grooved Spines  
  122  8:31  Queen  
  124  8:35  Hydralisk x4  
  131  8:42  Hydralisk  
  131  8:47  Hydralisk  
  133  8:48  Queen x2  
  133  8:53  Extractor  
  134  8:57  Hydralisk x2  
  134  9:00  Queen  
  139  9:06  Queen  
  140  9:10  Hydralisk x3  
  140  9:13  Overlord x2  
  140  9:14  Overlord  
  140  9:15  Overlord  
  145  9:22  Overlord x2  
  145  9:23  Centrifugal Hooks  
  145  9:24  Queen x2  
  145  9:30  Hydralisk x4  
  157  9:32  Overseer  
  157  9:40  Muscular Augments  
  157  9:42  Hydralisk x4  
  165  9:47  Hydralisk x2  
  165  9:49  Zergling x18  
  178  9:55  Hydralisk x3  
  178  9:57  Hatchery  
  183  10:00  Hydralisk  
  183  10:02  Infestation Pit  
  183  10:09  Hydralisk x4  
  183  10:10  Zergling x2  
  183  10:11  Zergling x4  
  189  10:20  Hydralisk x5  
  193  10:24  Zergling x6  
  195  10:31  Baneling x9  
  195  10:33  Zergling x8  
  181  10:44  Hive  
  181  10:45  Hydralisk x3  
  163  10:57  Zerg Missile Weapons Level 1  
  163  10:58  Hydralisk  
  163  10:59  Hydralisk x3  
  163  11:00  Zergling x14  
  167  11:11  Zergling x12  
  172  11:19  Zergling x14  
  175  11:38  Hydralisk x8  
  160  11:41  Extractor  
  160  11:44  Extractor  
  149  11:53  Hatchery  
  148  11:56  Viper x2  
  136  12:09  Hydralisk  
  136  12:10  Hydralisk x4  
  122  12:25  Hydralisk x6  
  131  12:35  Hydralisk x2  
  135  12:41  Queen  
  135  12:42  Hydralisk  
  132  12:50  Hydralisk x3  
Show
View Real Time Build Order
Export as new Build Order

MaxPax Protoss - Winner!

Build Orders: 1 Gate Expand, Oracle Opening, Carriers 

Get SALT Encoding   

  12  0:00  Probe  
  13  0:12  Probe  
  14  0:19  Pylon  
  14  0:24  Probe  
  15  0:37  Probe (Chrono Boost)  
  15  0:39  Gateway  
  16  0:47  Probe (Chrono Boost)  
  16  0:49  Assimilator  
  17  0:52  Probe (Chrono Boost)  
  18  1:03  Probe  
  19  1:15  Probe  
  20  1:27  Nexus  
  20  1:37  Cybernetics Core  
  20  1:40  Probe  
  20  1:45  Assimilator  
  21  1:52  Probe  
  22  1:56  Pylon  
  22  2:04  Probe (Chrono Boost)  
  23  2:14  Adept  
  26  2:16  Probe (Chrono Boost)  
  26  2:18  Stargate  
  26  2:23  Probe (Chrono Boost)  
  26  2:28  Warp Gate  
  27  2:32  Probe (Chrono Boost)  
  28  2:40  Probe (Chrono Boost)  
  28  2:44  Adept  
  32  2:48  Probe (Chrono Boost)  
  32  2:49  Probe (Chrono Boost)  
  33  2:53  Void Ray (Chrono Boost)  
  33  2:54  Probe (Chrono Boost)  
  33  2:55  Probe  
  39  3:06  Probe  
  39  3:07  Probe, Pylon  
  41  3:18  Probe  
  41  3:19  Probe  
  43  3:25  Gateway  
  43  3:26  Oracle (Chrono Boost)  
  43  3:30  Probe  
  43  3:31  Probe  
  48  3:42  Probe  
  48  3:43  Probe  
  50  3:49  Nexus  
  50  3:51  Pylon  
  50  3:54  Probe  
  51  3:55  Probe  
  51  4:01  Assimilator  
  52  4:03  Assimilator  
  52  4:06  Probe  
  52  4:08  Probe  
  54  4:12  Stargate  
  54  4:16  Forge  
  54  4:19  Probe  
  54  4:21  Probe  
  54  4:22  Protoss Air Weapons Level 1  
  56  4:29  Void Ray (Chrono Boost)  
  56  4:31  Probe  
  57  4:33  Probe  
  57  4:34  Shield Battery  
  57  4:35  Pylon  
  62  4:53  Probe x2 (Chrono Boost)  
  62  4:56  Void Ray (Chrono Boost)  
  62  4:57  Robotics Facility  
  68  5:02  Probe (Chrono Boost)  
  68  5:05  Probe x2 (Chrono Boost)  
  71  5:09  Void Ray (Chrono Boost)  
  71  5:12  Probe (Chrono Boost)  
  71  5:13  Shield Battery  
  71  5:14  Probe x2 (Chrono Boost)  
  74  5:17  Probe (Chrono Boost)  
  74  5:19  Probe x2, Pylon  
  80  5:24  Assimilator  
  82  5:28  Assimilator, Probe  
  82  5:31  Probe x2  
  82  5:34  Photon Cannon  
  84  5:38  Photon Cannon, Void Ray (Chrono Boost)  
  88  5:44  Photon Cannon  
  88  5:45  Shield Battery  
  88  5:49  Stalker  
  90  5:50  Stalker  
  92  5:57  Pylon  
  92  6:07  Void Ray x2 (Chrono Boost)  
  92  6:09  Photon Cannon  
  92  6:10  Shield Battery  
  93  6:22  Stalker, Shield Battery  
  95  6:29  Probe x2  
  97  6:33  Zealot  
  97  6:37  Void Ray (Chrono Boost)  
  97  6:38  Probe  
  94  6:41  Probe x2  
  99  6:48  Pylon  
  99  6:49  Pylon  
  99  6:50  Probe  
  99  6:52  Photon Cannon  
  99  6:53  Photon Cannon  
  100  7:02  Probe  
  100  7:05  Void Ray (Chrono Boost)  
  105  7:09  Void Ray (Chrono Boost)  
  105  7:12  Fleet Beacon  
  105  7:14  Probe  
  105  7:15  Stargate  
  110  7:17  Probe  
  111  7:39  Probe x2  
  111  7:40  Photon Cannon  
  111  7:44  Void Ray, Shield Battery  
  113  7:46  Robotics Bay, Nexus  
  117  7:51  Pylon  
  117  7:56  Pylon  
  117  7:58  Pylon  
  117  7:59  Flux Vanes  
  117  8:03  Void Ray x2  
  124  8:18  Probe  
  125  8:21  Probe  
  125  8:24  Probe  
  127  8:30  Photon Cannon, Probe  
  127  8:31  Shield Battery  
  127  8:33  Photon Cannon  
  122  8:35  Zealot, Carrier (Chrono Boost)  
  125  8:44  Carrier (Chrono Boost)  
  125  8:47  Zealot  
  127  8:56  Probe  
  127  8:58  Protoss Air Weapons Level 2 (Chrono Boost)  
  132  9:05  Nexus  
  132  9:06  Carrier (Chrono Boost)  
  132  9:07  Pylon  
  132  9:14  Pylon  
  132  9:19  Probe  
  132  9:21  Disruptor (Chrono Boost)  
  133  9:24  Pylon  
  133  9:25  Probe  
  133  9:30  Tempest (Chrono Boost)  
  137  9:32  Photon Cannon  
  137  9:37  Photon Cannon, Tempest (Chrono Boost)  
  142  9:39  Pylon  
  142  9:41  Photon Cannon  
  142  9:45  Photon Cannon  
  147  9:47  Shield Battery  
  147  9:49  Pylon  
  147  9:50  Disruptor  
  150  9:58  Zealot x2  
  160  10:04  Probe  
  160  10:06  Carrier (Chrono Boost)  
  161  10:13  Probe  
  162  10:14  Carrier (Chrono Boost)  
  168  10:22  Zealot x2  
  168  10:23  Photon Cannon  
  168  10:24  Photon Cannon  
  168  10:27  Disruptor (Chrono Boost)  
  172  10:29  Nexus  
  172  10:31  Pylon  
  173  10:44  Zealot x2  
  173  10:45  Shield Battery  
  181  10:51  Carrier (Chrono Boost)  
  168  10:58  Disruptor  
  167  11:06  Carrier (Chrono Boost)  
  169  11:14  Photon Cannon  
  169  11:15  Photon Cannon  
  169  11:17  Twilight Council, Shield Battery  
  169  11:19  Pylon  
  155  11:40  Disruptor (Chrono Boost)  
  155  11:47  Adept x2  
  155  11:48  Probe x3  
  155  11:50  Photon Cannon  
  162  11:58  Carrier  
  168  12:04  Probe  
  161  12:10  Probe  
  161  12:13  Probe  
  159  12:18  Probe  
  159  12:20  Assimilator x2  
  159  12:22  Pylon  
  162  12:30  Disruptor (Chrono Boost)  
  161  12:48  Photon Cannon  
  158  12:58  Observer (Chrono Boost)  

Tags
 
Add a new tag
Caveats
  • Supply blocks, unpowered buildings, or Contaminate may cause inaccurate times.
  • Supply counts are checked every 10 seconds.